 Dungeon Crawl Stone Soup version 0.23-a0-677-g07611c5723 (webtiles) character file.

85 Adamkad1 the Chopper (level 4, -2/28 HPs)
             Began as a Gargoyle Fighter on Jan 10, 2019.
             Slain by a gnoll
             ... wielding a +0 flail
              (6 damage)
             ... on level 2 of the Dungeon.
             The game lasted 00:01:22 (1524 turns).

Adamkad1 the Chopper (Gargoyle Fighter)             Turns: 1524, Time: 00:01:23

Health: -2/28      AC: 12    Str: 21    XL:     4   Next: 48%
Magic:  4/4        EV:  7    Int:  8    God:
Gold:   113        SH:  9    Dex:  9    Spells: 3/3 levels left

rFire    . . .     SeeInvis .   a - +0 war axe
rCold    . . .     Gourm    .   c - +0 shield
rNeg     + . .     Faith    .   b - +0 scale mail
rPois    ∞         Spirit   .   t - +0 helmet
rElec    +         Reflect  .   (no cloak)
rCorr    .         Harm     .   p - +0 pair of gloves
MR       .....                  (no boots)
Stlth    ..........             (no amulet)
HPRegen  0.09/turn              (no ring)
MPRegen  0.09/turn              (no ring)

@: no status effects
A: negative energy resistance 1, electricity resistance, unbreathing,
petrification resistance, rot immunity, AC +3
a: no special abilities


You were on level 2 of the Dungeon.
You were not hungry.

You visited 1 branch of the dungeon, and saw 2 of its levels.

You collected 113 gold pieces.

Inventory:

Hand Weapons
 a - a +0 war axe (weapon)
Armour
 b - a +0 scale mail (worn)
 c - a +0 shield (worn)
 p - a +0 pair of gloves (worn)
 t - a +0 helmet (worn)
Jewellery
 l - a +2 ring of dexterity {unknown}
Scrolls
 e - a scroll of magic mapping {unknown}
 i - 5 scrolls of identify {unknown}
 m - 2 scrolls of remove curse {unknown}
 u - a scroll of amnesia {unknown}
Potions
 d - a potion of might
 g - a potion of lignification {unknown}
 h - 3 potions of curing {unknown}
 j - 2 potions of mutation {unknown}
 k - a potion of heal wounds {unknown}
 n - a potion of magic {unknown}
 o - a potion of brilliance {unknown}
 r - a potion of agility {unknown}
 s - a potion of berserk rage {unknown}
Comestibles
 f - 3 rations
 q - 6 chunks of flesh


   Skills:
 - Level 3.3 Fighting
 * Level 4.1 Axes
 - Level 3.3 Armour
 - Level 3.3 Shields


You had 3 spell levels left.
You didn't know any spells.
Your spell library was empty.

Dungeon Overview and Level Annotations

Branches:
Dungeon (2/15)

Altars:
Uskayaw


Innate Abilities, Weirdness & Mutations

You are resistant to torment.
Your stone body is resilient. (AC +3)
You are immune to poison.
You resist negative energy. (rN+)
You are resistant to electric shocks. (rElec)
You can survive without breathing.
You are immune to petrification.
You are immune to rotting.


Message History

You hit the gnoll. The gnoll hits you. The gnoll hits you with a +0 flail.
* * * LOW HITPOINT WARNING * * *
The gnoll closely misses you.
You closely miss the gnoll.
The gnoll is lightly wounded.
You hit the gnoll.
You kill the gnoll!
The gnoll hits you but does no damage.
You closely miss the gnoll.
The gnoll is lightly wounded.
You block the gnoll's attack.
You hit the gnoll.
The gnoll is moderately wounded.
The gnoll barely misses you.
You hit the gnoll.
The gnoll is severely wounded.
The gnoll hits you with a +0 flail.
* * * LOW HITPOINT WARNING * * *
The gnoll hits you with a +0 flail.
You die...

#.# #.#
#<# #.#
#.# #.#
#####.#
#.#
#....##
#.#
#.####
#.###
#)# #
#....
#)##.#
#####
#.@g.+
####.#
#
######
......
######
# #


You could see a gnoll.

Vanquished Creatures
  3 gnolls (D:2)
  An adder (D:2)
  An ooze (D:1)
  A dart slug (D:1)
  A leopard gecko (D:1)
  3 giant cockroaches
  4 goblins
  5 hobgoblins
  A ball python (D:2)
  6 bats
  2 frilled lizards (D:1)
  8 kobolds
  6 rats (D:2)
42 creatures vanquished.

Notes
Turn   | Place    | Note
-------+----------+-------------------------------------------
     0 | D:1      | Adamkad1 the Gargoyle Fighter began the quest for the Orb.
     0 | D:1      | Reached XP level 1. HP: 14/14 MP: 1/1
   169 | D:1      | Reached skill level 2 in Axes
   195 | D:1      | Reached XP level 2. HP: 19/19 MP: 2/2
   479 | D:1      | Reached skill level 3 in Axes
   652 | D:1      | Reached XP level 3. HP: 23/23 MP: 3/3
   945 | D:2      | Found a hide-covered altar of Uskayaw.
  1508 | D:2      | Reached XP level 4. HP: 20/28 MP: 4/4
  1513 | D:2      | Reached skill level 4 in Axes
  1524 | D:2      | Slain by a gnoll

Vault maps used:
D:1:      dpeg_arrival_water_temple_mockup, moated_statue, minivault_27
D:2:      lemuel_doored_altar, grunt_temple_overflow_diamond,
          minmay_pentomino_x4

Skill      XL: |  1  2  3  4 |
---------------+-------------+-----
Axes           | 2 3 4 |  4.1
Fighting       | |  3.3
Armour         | |  3.3
Shields        | |  3.3

Action                   |  1- 3 |  4- 6 || total
-------------------------+-------+-------++-------
Melee: War axe           |   159 |    12 ||   171
  Eat: Chunk             |     2 |       ||     2
Armor: Scale mail        |   105 |     5 ||   110
Dodge: Dodged            |    65 |     7 ||    72
Block: Shield            |    98 |     7 ||   105

Table legend:
 A = Non-vault XP
 B = Vault XP
 C = Vault XP percentage of total XP
 D = Non-vault monster count
 E = Vault monster count
 F = Vault count percentage of total count
                 A         B        C        D         E       F
            +---------+---------+-------+---------+---------+-------
      Total |     119 |       3 |   2.5 |      39 |       3 |   7.1
            +---------+---------+-------+---------+---------+-------
        D:1 |      38 |       0 |   0.0 |      18 |       0 |   0.0
        D:2 |      81 |       3 |   3.6 |      21 |       3 |  12.5
            +---------+---------+-------+---------+---------+-------
